 Dungeon Crawl Stone Soup version 0.31.0-11-ge490571c62 (webtiles) character file.

Game seed: 5455466162891573140

67 qw the Shooter (level 4, 0/22 HPs)
             Began as a Spriggan Hunter on Feb 4, 2024.
             Slain by a ribbon worm (5 damage)
             ... on level 2 of the Dungeon.
             The game lasted 00:00:04 (1449 turns).

qw the Shooter (Spriggan Hunter)                    Turns: 1449, Time: 00:00:04

Health: 0/22       AC:  2    Str:  7    XL:     4   Next: 0%
Magic:  5/5        EV: 10    Int: 10    God:
Gold:   142        SH:  0    Dex: 20    Spells: 3/3 levels left

rFire   . . .        a - +0 shortbow
rCold   . . .        (shield currently unavailable)
rNeg    . . .        c - +0 robe
rPois   .            (helmet restricted)
rElec   .            (no cloak)
rCorr   .            (gloves unavailable)
SInv    +            (boots unavailable)
Will    .....        (no amulet)
Stlth   ++           (no ring)
HPRegen 0.23/turn    (no ring)
MPRegen 0.09/turn

%: no passive effects
@: held, very quick
A: very small, no large weapons, unfitting armour, see invisible, speed 3
a: no special abilities


You were on level 2 of the Dungeon.
You visited 1 branch of the dungeon, and saw 2 of its levels.

You collected 142 gold pieces.


Innate Abilities, Weirdness & Mutations

You are very small and have problems with some larger weapons.
You are too small for most types of armour.
You have supernaturally acute eyesight. (SInv)
You cover ground extremely quickly. (Speed+++)


   Skills:
 - Level 1.5 Fighting
 - Level 5.0 Ranged Weapons
 + Level 4.2 Dodging
 - Level 1.5 Stealth


You had 3 spell levels left.
You didn't know any spells.
Your spell library was empty.

Inventory:

Hand Weapons
 a - a +0 shortbow (weapon)
Armour
 c - a +0 robe (worn)
Scrolls
 g - a scroll of immolation {unknown}
 h - a scroll of enchant armour {unknown}
Potions
 b - a potion of curing {unknown}
 d - a potion of attraction {unknown}
 e - a potion of berserk rage {unknown}
 f - a potion of heal wounds {unknown}
 i - a potion of mutation {unknown}

Dungeon Overview and Level Annotations

Branches:
Dungeon (2/15)

Altars:


Message History

You kill the ball python!
You have reached level 4!
Found a short sword.
Found a stone staircase leading down.
You see here a +0 short sword.
There is a stone staircase leading down here.
Found a book of Air.
You see here a +0 robe.
You see here a ball python skeleton.
A ribbon worm comes into view.
You shoot an arrow.
The arrow completely misses the ribbon worm.
The ribbon worm expels a string of sticky webbing.
The stream of webbing misses you.
You shoot an arrow. The arrow hits the ribbon worm.
The ribbon worm is moderately wounded.
You shoot an arrow. The arrow hits the ribbon worm!
The ribbon worm is severely wounded.
You shoot an arrow. The arrow hits the ribbon worm.
The ribbon worm is severely wounded.
The ribbon worm closely misses you.
You shoot an arrow.
The arrow hits the ribbon worm but does no damage.
The ribbon worm is severely wounded.
You shoot an arrow.
The arrow barely misses the ribbon worm.
The ribbon worm closely misses you.
You shoot an arrow.
The arrow barely misses the ribbon worm.
The ribbon worm barely misses you.
You shoot an arrow. The arrow hits the ribbon worm.
The ribbon worm is severely wounded.
The ribbon worm expels a string of sticky webbing.
The stream of webbing hits you but does no damage.
You are caught in a web!
The ribbon worm bites you. The ribbon worm bites you!
The ribbon worm bites you! The ribbon worm bites you.
You die...

### #########.. #..
..........# #.#
###.###.###
######.#####.###.#
#................#
##.#.#..#####.##..###
#.......# #..........
#..#.#.## #.#.##..###
#...@..# #.#.##..###
#.##w### ##.#.##.....
# .... #.......>...
###..# #..####.....
#..# #..# #..... #).#
#..# #.....
#..####..####.....
#..<..............
##.##...#######.#.


You could see a ribbon worm.

Vanquished Creatures
  Jessica (D:2)
  A ribbon worm (D:2)
  6 ball pythons
  7 endoplasms
  A giant cockroach (D:1)
  A goblin (D:1)
  6 hobgoblins
  2 quokkas
  3 bats
  3 kobolds
  3 rats
34 creatures vanquished.

Notes
Turn   | Place    | Note
-------+----------+-------------------------------------------
     0 | D:1      | qw the Spriggan Hunter began the quest for the Orb.
     0 | D:1      | Reached XP level 1. HP: 10/10 MP: 2/2
     0 | D:1      | 0 ||| qw: Version: 0.3-a-160-g6735b56
     0 | D:1      | 0 ||| qw: Game counter: 4378
     0 | D:1      | 0 ||| qw: Melee chars always use a shield: true
     0 | D:1      | 0 ||| qw: God list: Okawaru
     0 | D:1      | 0 ||| qw: Allow faded altars: false
     0 | D:1      | 0 ||| qw: Do Orc after clearing Dungeon:15 true
     0 | D:1      | 0 ||| qw: Do second Lair branch before Depths: true
     0 | D:1      | 0 ||| qw: Lair rune preference: random
     0 | D:1      | 0 ||| qw: Goals: Normal
     0 | D:1      | 0 ||| PLANNING D:1-11
    62 | D:1      | Reached skill level 3 in Dodging
   104 | D:1      | Reached XP level 2. HP: 14/14 MP: 3/3
   790 | D:1      | 790 ||| READING scroll labelled RUGETASARR.
   791 | D:1      | 791 ||| READING scroll labelled LAAJOA HUIRGHI.
   796 | D:1      | 796 ||| READING scroll labelled PEPSEW OPACZI.
   797 | D:1      | 797 ||| DROPPING scroll of butterflies.
   861 | D:2      | Reached XP level 3. HP: 18/18 MP: 4/4
   951 | D:2      | Noticed Jessica
   958 | D:2      | Killed Jessica
   996 | D:2      | Reached skill level 5 in Ranged Weapons
  1289 | D:2      | Reached XP level 4. HP: 22/22 MP: 5/5
  1448 | D:2      | HP: 5/22 [ribbon worm (8)]
  1449 | D:2      | Slain by a ribbon worm

Levels and vault maps discovered:
D:1:      minmay_arrival_loop, layout_basic
D:2:      layout_loops_ring, uniq_jessica

Skill      XL: |  1  2  3 |
---------------+----------+-----
Dodging        | 3 4 |  4.2
Ranged Weapons | 5 |  5.0
Fighting       | |  1.5
Stealth        | |  1.5

Action                     |  1- 3 |  4- 6 || total
---------------------------+-------+-------++-------
   Fire: Shortbow          |    99 |     8 ||   107
    Use: Scroll            |     3 |       ||     3
 Armour: Robe              |     9 |     4 ||    13
  Dodge: Dodged            |    19 |     4 ||    23

Table legend:
 A = Non-vault XP
 B = Vault XP
 C = Vault XP percentage of total XP
 D = Non-vault monster count
 E = Vault monster count
 F = Vault count percentage of total count
                 A         B        C        D         E       F
            +---------+---------+-------+---------+---------+-------
      Total |      60 |      37 |  38.1 |      33 |       1 |   2.9
            +---------+---------+-------+---------+---------+-------
        D:1 |      34 |       0 |   0.0 |      19 |       0 |   0.0
        D:2 |      26 |      37 |  58.7 |      14 |       1 |   6.7
            +---------+---------+-------+---------+---------+-------
